 Dungeon Crawl Stone Soup version 0.18.1-6-gd335043 (webtiles) character file.

70 mistymad the Covered (level 4, 0/29 HPs)
             Began as a Gargoyle Fighter on May 20, 2016.
             Killed from afar by an orc wizard (10 damage)
             ... with a puff of flame
             ... on level 3 of the Dungeon.
             The game lasted 00:03:15 (1776 turns).

mistymad the Covered (Gargoyle Fighter)             Turns: 1776, Time: 00:03:15

Health: 0/29       AC: 10    Str: 19    XL:     4   Next: 22%
Magic:  4/4        EV:  7    Int:  9    God:
Gold:   186        SH:  9    Dex: 10    Spells: 0 memorised, 3 levels left

rFire  . . .     SeeInvis .     a - +0 flail
rCold  . . .     Gourm    .     b - +0 scale mail
rNeg   + . .     Faith    .     c - +0 shield
rPois  ∞         Spirit   .     (no helmet)
rElec  +         Dismiss  .     (no cloak)
rCorr  .         Reflect  .     (no gloves)
SustAt .         Harm     .     (no boots)
MR     .....                    (no amulet)
Stlth  ..........               (no ring)
                                (no ring)

@: not resistant to hostile enchantments, extremely unstealthy
A: negative energy resistance 1, electricity resistance, unbreathing,
petrification resistance, rot immunity, AC +3
a: no special abilities


You were on level 3 of the Dungeon.
You were not hungry.

You visited 1 branch of the dungeon, and saw 3 of its levels.

You collected 186 gold pieces.

Inventory:

Hand Weapons
 a - a +0 flail (weapon)
Armour
 b - a +0 scale mail (worn)
 c - a +0 shield (worn)
Jewellery
 e - a cursed ring of loudness {unknown}
 g - an uncursed amulet of guardian spirit {unknown}
 s - an uncursed ring of magical power {unknown}
Scrolls
 h - a scroll of random uselessness {unknown}
 k - a scroll of noise {unknown}
 l - a scroll of teleportation {unknown}
 n - 2 scrolls of identify {unknown}
 o - 2 scrolls of amnesia {unknown}
 p - a scroll of magic mapping {unknown}
Potions
 d - a potion of might
 i - a potion of curing {unknown}
 j - a potion of invisibility {unknown}
 m - a potion of ambrosia {unknown}
 t - a potion of brilliance {unknown}
Comestibles
 f - 5 bread rations
 q - a beef jerky
 r - a meat ration


   Skills:
 + Level 3.8 Fighting
 + Level 2.3 Maces & Flails
 + Level 3.9 Armour
 + Level 1.0 Dodging
 + Level 3.8 Shields


You had 3 spell levels left.
You didn't know any spells.

Dungeon Overview and Level Annotations

Branches:
Dungeon (3/15)

Altars:


Innate Abilities, Weirdness & Mutations

You are resistant to torment.
Your stone body is resilient (AC +3).
You are immune to poison.
You resist negative energy.
You are resistant to electric shocks.
You can survive without breathing.
You are immune to petrification.
You are immune to rotting.


Message History

You closely miss something. Something hits you.
The orc hits you but does no damage. You block something's attack.
You miss something. The orc barely misses you. You block something's attack.
The orc barely misses you.
You miss something. You block something's attack.
The orc hits you but does no damage.
You miss something. Something hits you but does no damage.
The orc barely misses you.
You hear some strange, mumbled words.
A puff of flame appears from out of thin air!
The puff of flame hits you!
You closely miss something. You block the orc's attack.
Something hits you but does no damage.
You closely miss something. The orc hits you but does no damage.
Something hits you but does no damage. The orc hits you but does no damage.
You closely miss something.
You hear some strange, mumbled words.
A puff of flame appears from out of thin air!
The puff of flame hits you!
You die...

#... #...
#... #... #
#...
#P.#...
#.....o####
#.{@..#
####..#
#..# ##)#
#<# ###


You could see an orc.

Vanquished Creatures
  2 adders (D:2)
  2 dart slugs
  A giant gecko (D:1)
  An orc (D:3)
  2 ball pythons
  6 bats
  A giant cockroach (D:3)
  4 goblins
  5 hobgoblins (D:1)
  4 jackals (D:1)
  4 giant newts
  9 kobolds
  6 rats
47 creatures vanquished.

Notes
Turn   | Place    | Note
--------------------------------------------------------------
     0 | D:1      | mistymad the Gargoyle Fighter began the quest for the Orb.
     0 | D:1      | Reached XP level 1. HP: 14/14 MP: 1/1
   232 | D:1      | Reached XP level 2. HP: 19/19 MP: 2/2
   564 | D:1      | Reached XP level 3. HP: 24/24 MP: 3/3
  1422 | D:2      | Reached XP level 4. HP: 29/29 MP: 4/4
  1570 | D:2      | Reached skill level 1 in Dodging
  1776 | D:3      | Killed from afar by an orc wizard

Skill      XL: |  1  2  3  4 |
---------------+-------------+-----
Dodging        | 1 |  1.0
Fighting       | |  3.8
Maces & Flails | |  2.3
Armour         | |  3.9
Shields        | |  3.8

Action                   |  1- 3 |  4- 6 || total
-------------------------+-------+-------++-------
Melee: Flail             |   166 |    42 ||   208
  Eat: Chunk             |     2 |     1 ||     3
Armor: Scale mail        |    86 |    54 ||   140
Dodge: Dodged            |    53 |    26 ||    79
Block: Shield            |    98 |    22 ||   120
